 Dungeon Crawl Stone Soup version 0.29.1-14-g9c671dbff4 (webtiles) character file.

Game seed: 12183547268080505811

225 Gabide the Sneak (level 6, -2/57 HPs)
             Began as a Naga Monk on Feb 14, 2023.
             Slain by a gnoll
             ... wielding a +0 spear
             ... led by a gnoll bouda
              (4 damage)
             ... on level 4 of the Dungeon.
             The game lasted 00:09:36 (3216 turns).

Gabide the Sneak (Naga Monk)                        Turns: 3216, Time: 00:09:36

Health: -2/57      AC:  4    Str: 13    XL:     6   Next: 1%
Magic:  0/6        EV: 14    Int: 10    God:
Gold:   132        SH:  0    Dex: 16    Spells: 5/5 levels left

rFire   . . .      SeeInvis +   a - +2 rapier (vamp)
rCold   . . .      Faith    .   (no shield)
rNeg    . . .      Spirit   +   o - +0 leather armour
rPois   +          Reflect  .   s - +0 helmet
rElec   .          Harm     .   (no cloak)
rCorr   .          Rampage  .   (no gloves)
Will    .....                   (no barding)
Stlth   ++........              u - amulet of guardian spirit
HPRegen 0.19/turn               e - +4 ring of evasion
MPRegen 0.10/turn               v - ring of flight

@: mighty, flying, very slow
A: AC +2, large, see invisible, deformed body, poison resistance, slowness 2,
spit poison 1, naga tail 1
a: Spit Poison


You were on level 4 of the Dungeon.
You visited 1 branch of the dungeon, and saw 4 of its levels.

You collected 132 gold pieces.

Inventory:

Hand Weapons
 a - a +2 vampiric rapier (weapon)
 b - a +0 sling
Missiles
 x - an atropa-tipped dart
Armour
 o - a +0 leather armour (worn)
 s - a +0 helmet (worn)
Jewellery
 e - a +4 ring of evasion (left hand)
 n - a +6 ring of strength
 q - an amulet of faith
 u - an amulet of guardian spirit (around neck)
 v - a ring of flight (right hand)
Scrolls
 d - a scroll of poison {unknown}
 g - a scroll of brand weapon {unknown}
 k - 2 scrolls of magic mapping
 l - a scroll of noise {unknown}
 p - a scroll of amnesia {unknown}
 r - a scroll of identify
 w - a scroll of enchant armour {unknown}
Potions
 h - 2 potions of haste {unknown}
 i - 3 potions of mutation
 j - a potion of might
 m - a potion of degeneration {unknown}
 t - a potion of lignification {unknown}


   Skills:
 - Level 4.0 Fighting
 - Level 4.0 Short Blades
 + Level 2.5 Armour
 - Level 3.0 Dodging
 - Level 4.0 Stealth


You had 5 spell levels left.
You didn't know any spells.
Your spell library contained the following spells:

 Spells                   Type           Power      Damage    Failure   Level
 Call Canine Familiar     Summ           0%         N/A       82%         3
 Portal Projectile        Hex/Tloc       0%         N/A       82%         3
 Leda's Liquefaction      Hex/Erth       0%         N/A       99%         4


Dungeon Overview and Level Annotations

Branches:
Dungeon (4/15)
 Temple: D:4-7

Altars:


Innate Abilities, Weirdness & Mutations

Your serpentine skin is tough. (AC +2)
You have supernaturally acute eyesight. (SInv)
Armour fits poorly on your strangely shaped body.
Your system is resistant to poisons. (rPois)
You cover ground very slowly.
You can spit poison.
You have a snake-like lower body.


Message History

The gnoll hits you from afar with a +0 spear.
* * * LOW HITPOINT WARNING * * *
You bump into the translucent rock wall.
The gnoll is no longer moving quickly.
The gnoll completely misses you. The gnoll hits you but does no damage.
You bump into the rock wall.
You feel less invigorated.
You feel less confused. The gnoll hits you with a +0 halberd!
* * * LOW HITPOINT WARNING * * *
The gnoll misses you.
You closely miss the gnoll.
The gnoll is almost dead.
The gnoll hits you with a +0 halberd.
* * * LOW HITPOINT WARNING * * *
The gnoll completely misses you.
Okay, then.
Okay, then.
Okay, then.
Aiming: Spit Poison (1% risk of failure)
Press: ? - help, Shift-Dir - straight line, f/p - gnoll
Aim: a gnoll, wielding a +0 halberd (almost dead, 65% to hit)
The splash of poison hits the gnoll.
The gnoll is poisoned.
The gnoll is almost dead.
The gnoll barely misses you. The gnoll closely misses you.
Okay, then.
Unknown command.
You hit the gnoll.
You feel better.
You kill the gnoll!
The gnoll is no longer moving quickly.
The gnoll hits you from afar with a +0 spear.
* * * LOW HITPOINT WARNING * * *
You have reached level 6!
Your skin feels tougher.
Okay, then.
You feel very mighty all of a sudden.
The gnoll hits you from afar with a +0 spear.
* * * LOW HITPOINT WARNING * * *
You have got your breath back.
The gnoll hits you with a +0 spear.
You die...

.## ##.####.# .## ..###..[...##
#..# ##.#. ........##..##
#..###..#. .#......###..##
###.......#
.#......####†.###......#.g#
.#.#.....#######......##g.#
.#.#)......).)..g.....# .(#####..
.#.#....>#########....###g......#
.#.#...........)@g...).#.........
.#.#.......########..............
.#..##........# ##........##.....
##.####.......###....#>.### #...
#..# ##......##....##.†# .. ..##
##.....#....##...# . ...##
##.....>....##....#
#...###...###...........#
##..##...## ##..........#


You could see a gnoll.

Vanquished Creatures
  A hound (D:4)
  A jelly (D:4)
  A gnoll bouda (D:4)
  4 adders
  3 gnolls (D:4)
  A worm (D:2)
  A dart slug (D:2)
  2 orcs
  7 endoplasms
  3 giant cockroaches
  8 goblins
  3 hobgoblins
  8 jackals
  3 quokkas
  7 ball pythons
  2 bats (D:1)
  A frilled lizard (D:3)
  3 kobolds
  6 rats
65 creatures vanquished.

Notes
Turn   | Place    | Note
-------+----------+-------------------------------------------
     0 | D:1      | Gabide the Naga Monk began the quest for the Orb.
     0 | D:1      | Reached XP level 1. HP: 21/21 MP: 1/1
   358 | D:1      | Reached XP level 2. HP: 28/28 MP: 2/2
   690 | D:1      | Found a faded altar of an unknown god.
   913 | D:2      | Reached XP level 3. HP: 28/34 MP: 3/3
  1358 | D:2      | You fall into a shaft and drop 1 floor!
  1883 | D:2      | Reached XP level 4. HP: 42/42 MP: 4/4
  2646 | D:4      | Reached XP level 5. HP: 46/50 MP: 5/5
  2890 | D:4      | Reached skill level 1 in Armour
  3215 | D:4      | Reached XP level 6. HP: 3/57 MP: 1/6
  3215 | D:4      | HP: 2/57 [gnoll/+0 spear[a gnoll bouda] (2)]
  3216 | D:4      | Slain by a gnoll

Illustrated notes

Levels and vault maps discovered:
D:1:      minmay_arrival_shoal_huts, layout_loops_cross,
          shapermc_ecumenical_altar_gd, minmay_quantized
D:2:      layout_basic
D:3:      layout_basic, minmay_cupped
D:4:      layout_layer_cave, mainiacjoe_overflow_tiny_flanked,
          serial_co_window_serial, co_window_paths_a, co_window_paths_a,
          co_window_paths_b, co_window_paths_a, co_window_paths_a,
          co_window_of_opportunity_b, co_window_2corner, co_window_corner_b,
          co_window_2corner, co_window_of_opportunity_c, co_window_corner_cb,
          glass_columns_a, glass_columns_b, glass_columns_a, bh_walls_and_bars

Skill      XL: |  1  2  3  4  5 |
---------------+----------------+-----
Stealth        | 4 |  4.0
Dodging        | 3 |  3.0
Fighting       | 4 |  4.0
Short Blades   | 4 |  4.0
Armour         | 2 |  2.5

Action                   |  1- 3 |  4- 6 || total
-------------------------+-------+-------++-------
Melee: Short sword       |    35 |    13 ||    48
       Rapier            |       |    18 ||    18
 Fire: Sling             |    26 |    33 ||    59
Throw: Dart              |       |     1 ||     1
 Abil: Spit Poison       |    35 |    29 ||    64
  Use: Scroll            |     4 |       ||     4
       Potion            |       |     3 ||     3
Armor: Robe              |     6 |       ||     6
       Leather armour    |     3 |    15 ||    18
Dodge: Dodged            |    29 |    64 ||    93
